| TOP OF THE 1ST |
|
Everett AquaSox batting - Pitching for Vermont Lake Monsters : LHP David Arnold
|
|
Pitching: LHP David Arnold
|
|
|
Batting: RHB Houston Brock
|
0-0: Swinging Strike 0-1: Ball 1-1: Ground out 5-3 (Groundball, 56S, EV 73.1 MPH)
|
|
Batting: RHB Mike Conaway
|
0-0: Ball 1-0: Foul Ball, location: 2F 1-1: SINGLE (Line Drive, 7S, EV 85.0 MPH)
|
|
Batting: RHB Chris Olheiser
|
0-0: Ball 1-0: Ball 2-0: Ball 3-0: Called Strike 3-1: Swinging Strike 3-2: Strikes out swinging Mike Conaway steals 2nd base Batter strikes out.
|
|
Batting: RHB Tze-meng Li
|
0-0: Called Strike 0-1: Foul Ball, location: 2F 0-2: SINGLE (Groundball, 56D, EV 101.9 MPH) Mike Conaway to third Runner from 3rd tries for Home, SAFE, throw by LF to home
|
|
Batting: LHB Taki Matsui
|
0-0: Ball 1-0: Ground out 4-3 (Groundball, 4, EV 89.4 MPH)
|
| Top of the 1st over - 1 run, 2 hits, 0 errors, 1 left on base; Everett 1 - Vermont 0 |
| BOTTOM OF THE 1ST |
|
Vermont Lake Monsters batting - Pitching for Everett AquaSox : LHP Mitch Lewis
|
|
Pitching: LHP Mitch Lewis
|
|
|
Batting: RHB Ricardo Mariscal
|
0-0: Ball 1-0: Swinging Strike 1-1: Ball 2-1: Foul Ball, location: 2F 2-2: Foul Ball, location: 2F 2-2: Strikes out swinging, 2-3 out at first.
|
|
Batting: RHB Ricky Rivera
|
0-0: Called Strike 0-1: Ground out 1-3 (Groundball, 13, EV 63.8 MPH)
|
|
Batting: RHB Dan Boylan
|
0-0: Called Strike 0-1: Ball 1-1: Ball 2-1: Ball 3-1: Called Strike 3-2: Foul Ball, location: 2F 3-2: Foul Ball, location: 2F 3-2: SINGLE (Line Drive, 6D, EV 97.5 MPH)
|
|
Batting: RHB Yasuzo Rin
|
0-0: Ball Dan Boylan is caught stealing 2nd base 2-4
|
| Bottom of the 1st over - 0 runs, 1 hit, 0 errors, 0 left on base; Everett 1 - Vermont 0 |
| TOP OF THE 2ND |
|
Everett AquaSox batting - Pitching for Vermont Lake Monsters : LHP David Arnold
|
|
Batting: RHB Ivan Davila
|
0-0: Called Strike 0-1: Fly out, F7 (Flyball, 7S, EV 86.2 MPH)
|
|
Batting: RHB Victor Rosas
|
0-0: Ground out 5-3 (Groundball, 56, EV 109.4 MPH)
|
|
Batting: RHB Heihachiro Fujita
|
0-0: Called Strike 0-1: Ball 1-1: Called Strike 1-2: Ball 2-2: Foul Ball, location: 2F 2-2: Strikes out swinging
|
| Top of the 2nd over - 0 runs, 0 hits, 0 errors, 0 left on base; Everett 1 - Vermont 0 |
| BOTTOM OF THE 2ND |
|
Vermont Lake Monsters batting - Pitching for Everett AquaSox : LHP Mitch Lewis
|
|
Batting: RHB Yasuzo Rin
|
0-0: Called Strike 0-1: Swinging Strike 0-2: Ball 1-2: Strikes out looking
|
|
Batting: LHB Jose Zamarripa
|
0-0: Called Strike 0-1: Ground out 4-3 (Groundball, 4, EV 83.8 MPH)
|
|
Batting: LHB Youp van Erp
|
0-0: Ball 1-0: Fly out, F1 (Line Drive, P, EV 68.1 MPH)
|
| Bottom of the 2nd over - 0 runs, 0 hits, 0 errors, 0 left on base; Everett 1 - Vermont 0 |
| TOP OF THE 3RD |
|
Everett AquaSox batting - Pitching for Vermont Lake Monsters : LHP David Arnold
|
|
Batting: RHB Chris Van Niel
|
0-0: Foul Ball, location: 2F 0-1: Swinging Strike 0-2: Ball 1-2: Ball 2-2: SINGLE (Groundball, 5S, EV 70.0 MPH) (infield hit)
|
|
Batting: RHB Houston Brock
|
0-0: Ball 1-0: Fielders Choice at 2nd, 6-4 (Groundball, 6, EV 109.4 MPH)
|
|
Batting: RHB Mike Conaway
|
0-0: Ball 1-0: Called Strike Houston Brock steals 2nd base 1-1: Ball Wild Pitch! Houston Brock to third 2-1: Swinging Strike 2-2: Foul Ball, location: 2F 2-2: DOUBLE (Groundball, 5L, EV 100.6 MPH) Houston Brock scores
|
|
Batting: RHB Chris Olheiser
|
0-0: Reached on error, E6 (Groundball, 6, EV 108.1 MPH) Mike Conaway scores
|
|
Batting: RHB Tze-meng Li
|
0-0: SINGLE (Flyball, 3D, EV 100.0 MPH) Chris Olheiser to third
|
|
Batting: LHB Taki Matsui
|
0-0: Fly out, F6 (Popup, 6MD, EV 53.1 MPH)
|
|
Batting: RHB Ivan Davila
|
0-0: Ball 1-0: Called Strike 1-1: Foul Ball, location: 2F 1-2: Foul Ball, location: 2F 1-2: Foul Ball, location: 2F 1-2: Ball 2-2: Strikes out swinging
|
| Top of the 3rd over - 2 runs, 3 hits, 1 error, 2 left on base; Everett 3 - Vermont 0 |
| BOTTOM OF THE 3RD |
|
Vermont Lake Monsters batting - Pitching for Everett AquaSox : LHP Mitch Lewis
|
|
Batting: RHB Alex Escobar
|
0-0: Called Strike 0-1: Foul Ball, location: 2F 0-2: Ball 1-2: Ball 2-2: SINGLE (Line Drive, 4MD, EV 97.5 MPH)
|
|
Batting: RHB Jesus Ramirez
|
0-0: Ball 1-0: Foul Ball, location: 2F 1-1: Foul Ball, location: 2F 1-2: Foul Ball, location: 2F 1-2: Ball 2-2: Ball 3-2: 2-RUN HOME RUN (Flyball, 7D, EV 96.2 MPH), Distance : 379 ft
|
|
Batting: RHB Jose Esquivel
|
0-0: SINGLE (Groundball, 56D, EV 108.1 MPH)
|
|
Batting: RHB Ricardo Mariscal
|
0-0: Ball 1-0: Grounds into double play, 6-4-3 (Groundball, 6, EV 90.6 MPH)
|
|
Batting: RHB Ricky Rivera
|
0-0: Ball 1-0: Ball 2-0: SINGLE (Groundball, 34D, EV 96.2 MPH)
|
|
Batting: RHB Dan Boylan
|
0-0: Called Strike 0-1: Ball 1-1: Ball 2-1: Called Strike Ricky Rivera steals 2nd base 2-2: Strikes out swinging
|
| Bottom of the 3rd over - 2 runs, 4 hits, 0 errors, 1 left on base; Everett 3 - Vermont 2 |
| TOP OF THE 4TH |
|
Everett AquaSox batting - Pitching for Vermont Lake Monsters : LHP David Arnold
|
|
Batting: RHB Victor Rosas
|
0-0: Foul Ball, location: 2F 0-1: Ball 1-1: Ball 2-1: Foul Ball, location: 2F 2-2: Strikes out swinging
|
|
Batting: RHB Heihachiro Fujita
|
0-0: Ball 1-0: Ball 2-0: Foul Ball, location: 2F 2-1: Ball 3-1: Base on Balls
|
|
Batting: RHB Chris Van Niel
|
0-0: Ball Heihachiro Fujita is caught stealing 2nd base 2-4 1-0: Swinging Strike 1-1: Ball 2-1: Ball 3-1: Foul Ball, location: 2F 3-2: Base on Balls
|
|
Batting: RHB Houston Brock
|
0-0: Called Strike 0-1: Ball 1-1: Swinging Strike 1-2: Strikes out swinging
|
| Top of the 4th over - 0 runs, 0 hits, 0 errors, 1 left on base; Everett 3 - Vermont 2 |
| BOTTOM OF THE 4TH |
|
Vermont Lake Monsters batting - Pitching for Everett AquaSox : LHP Mitch Lewis
|
|
Batting: RHB Yasuzo Rin
|
0-0: Ball 1-0: Foul Ball, location: 2F 1-1: Ground out 3-1 (Groundball, 34, EV 110.6 MPH)
|
|
Batting: LHB Jose Zamarripa
|
0-0: Ball 1-0: Ball 2-0: Ball 3-0: Called Strike 3-1: Ground out U3 (Groundball, 3, EV 93.8 MPH)
|
|
Batting: LHB Youp van Erp
|
0-0: Called Strike 0-1: SINGLE (Groundball, 56, EV 97.5 MPH)
|
|
Batting: RHB Alex Escobar
|
0-0: Ball 1-0: Ball 2-0: Swinging Strike 2-1: Ball 3-1: Foul Ball, location: 2F 3-2: Base on Balls Youp van Erp to second
|
|
Batting: RHB Jesus Ramirez
|
0-0: Ball 1-0: Ball 2-0: Ball 3-0: Called Strike 3-1: Base on Balls Youp van Erp to third Alex Escobar to second
|
|
Batting: RHB Jose Esquivel
|
0-0: Ball 1-0: Swinging Strike Passed Ball! Youp van Erp scores Alex Escobar to third Jesus Ramirez to second 1-1: Ball 2-1: Called Strike 2-2: Strikes out looking
|
| Bottom of the 4th over - 1 run, 1 hit, 0 errors, 2 left on base; Everett 3 - Vermont 3 |
| TOP OF THE 5TH |
|
Everett AquaSox batting - Pitching for Vermont Lake Monsters : LHP David Arnold
|
|
Batting: RHB Mike Conaway
|
0-0: Ground out 5-3 (Groundball, 5S, EV 69.4 MPH)
|
|
Batting: RHB Chris Olheiser
|
0-0: Foul Ball, location: 2F 0-1: Foul Ball, location: 2F 0-2: Strikes out looking
|
|
Pitching: RHP Jose Navia
|
|
|
Batting: RHB Tze-meng Li
|
0-0: Called Strike 0-1: Ball 1-1: Ball 2-1: Called Strike 2-2: Ball 3-2: Strikes out looking
|
| Top of the 5th over - 0 runs, 0 hits, 0 errors, 0 left on base; Everett 3 - Vermont 3 |
| BOTTOM OF THE 5TH |
|
Vermont Lake Monsters batting - Pitching for Everett AquaSox : LHP Mitch Lewis
|
|
Batting: RHB Ricardo Mariscal
|
0-0: Ball 1-0: Ground out 4-3 (Groundball, 4, EV 105.0 MPH)
|
|
Pitching: LHP Alex Villagran
|
|
|
Batting: RHB Ricky Rivera
|
0-0: Called Strike 0-1: Called Strike 0-2: Ball 1-2: Ball 2-2: Foul Ball, location: 2F 2-2: Strikes out swinging
|
|
Batting: RHB Dan Boylan
|
0-0: Ball 1-0: Ball 2-0: Called Strike 2-1: Foul Ball, location: 2F 2-2: Ball 3-2: Base on Balls
|
|
Batting: RHB Yasuzo Rin
|
0-0: Called Strike 0-1: Ball 1-1: Called Strike Dan Boylan is caught stealing 2nd base 2-4
|
| Bottom of the 5th over - 0 runs, 0 hits, 0 errors, 0 left on base; Everett 3 - Vermont 3 |
| TOP OF THE 6TH |
|
Everett AquaSox batting - Pitching for Vermont Lake Monsters : RHP Jose Navia
|
|
Batting: LHB Taki Matsui
|
0-0: SINGLE (Line Drive, 9S, EV 100.6 MPH)
|
|
Batting: RHB Ivan Davila
|
0-0: Called Strike 0-1: Foul Ball, location: 2F 0-2: Ball 1-2: Foul Ball, location: 2F 1-2: SINGLE (Groundball, 6S, EV 93.8 MPH) Taki Matsui to second
|
|
Batting: RHB Victor Rosas
|
0-0: Ball 1-0: SINGLE (Groundball, 34S, EV 68.8 MPH) (infield hit) Taki Matsui to third Ivan Davila to second
|
|
Batting: RHB Heihachiro Fujita
|
0-0: Called Strike 0-1: Grounds into fielders choice 4-2 (Groundball, 4, EV 89.4 MPH) Ivan Davila to third Victor Rosas to second
|
|
Batting: RHB Chris Van Niel
|
0-0: Foul Ball, location: 2F 0-1: Called Strike 0-2: Foul Ball, location: 2F 0-2: Foul Ball, location: 2F 0-2: SINGLE (Groundball, 4MD, EV 97.5 MPH) Ivan Davila scores Victor Rosas to third Heihachiro Fujita to second Runner from 3rd tries for Home, SAFE, throw by CF to home
|
|
Batting: RHB Houston Brock
|
0-0: Called Strike 0-1: Ball 1-1: Ball Wild Pitch! Heihachiro Fujita to third Chris Van Niel to second 2-1: Ball 3-1: Swinging Strike 3-2: Foul Ball, location: 2F 3-2: SINGLE (Groundball, 34, EV 105.0 MPH) Heihachiro Fujita scores Chris Van Niel to third
|
|
Pitching: LHP Manny Villafuerte
|
|
|
Batting: RHB Mike Conaway
|
0-0: Ball 1-0: Called Strike 1-1: Ball Houston Brock is caught stealing 2nd base 2-4 2-1: Foul Ball, location: 2F 2-2: Foul Ball, location: 2F 2-2: Strikes out swinging
|
| Top of the 6th over - 3 runs, 5 hits, 0 errors, 1 left on base; Everett 6 - Vermont 3 |
| BOTTOM OF THE 6TH |
|
Vermont Lake Monsters batting - Pitching for Everett AquaSox : LHP Alex Villagran
|
|
Batting: RHB Yasuzo Rin
|
0-0: Ball 1-0: Ball 2-0: Swinging Strike 2-1: Swinging Strike 2-2: SINGLE (Groundball, 6MD, EV 93.8 MPH)
|
|
Batting: LHB Jose Zamarripa
|
0-0: Ball 1-0: Grounds out, U3 (Groundball, 3L, EV 83.1 MPH)
|
|
Batting: LHB Youp van Erp
|
0-0: Fly out, F8 (Flyball, 8LM, EV 85.0 MPH)
|
|
Batting: RHB Alex Escobar
|
0-0: Called Strike 0-1: Ball 1-1: Ground out 6-3 (Groundball, 56, EV 90.0 MPH)
|
| Bottom of the 6th over - 0 runs, 1 hit, 0 errors, 1 left on base; Everett 6 - Vermont 3 |
| TOP OF THE 7TH |
|
Everett AquaSox batting - Pitching for Vermont Lake Monsters : LHP Manny Villafuerte
|
|
Batting: RHB Chris Olheiser
|
0-0: SINGLE (Groundball, 6MD, EV 107.5 MPH)
|
|
Batting: RHB Tze-meng Li
|
0-0: Foul Ball, location: 2F 0-1: Ball 1-1: Fly out, F8 (Flyball, 8LD, EV 88.1 MPH)
|
|
Batting: LHB Taki Matsui
|
0-0: Ball 1-0: Ball 2-0: Called Strike 2-1: Called Strike 2-2: Ball 3-2: Base on Balls Chris Olheiser to second
|
|
Batting: RHB Ivan Davila
|
0-0: Ball 1-0: Called Strike 1-1: Ball 2-1: Foul Ball, location: 2F 2-2: Strikes out swinging
|
|
Batting: RHB Victor Rosas
|
0-0: SINGLE (Groundball, 4MD, EV 106.9 MPH) Chris Olheiser to third Taki Matsui to second Runner from 3rd tries for Home, SAFE, throw by CF to home
|
|
Batting: RHB Heihachiro Fujita
|
0-0: Foul Ball, location: 2F 0-1: Ball 1-1: Foul Ball, location: 2F 1-2: Foul Ball, location: 2F 1-2: Ball 2-2: Fly out, F8 (Flyball, 8LD, EV 96.2 MPH)
|
| Top of the 7th over - 1 run, 2 hits, 0 errors, 2 left on base; Everett 7 - Vermont 3 |
| BOTTOM OF THE 7TH |
|
Vermont Lake Monsters batting - Pitching for Everett AquaSox : LHP Alex Villagran
|
|
Pitching: LHP Adam Parrish
|
|
|
Batting: RHB Jesus Ramirez
|
0-0: Ground out 6-3 (Groundball, 6, EV 106.2 MPH)
|
|
Batting: RHB Jose Esquivel
|
0-0: Called Strike 0-1: Swinging Strike 0-2: Strikes out swinging
|
|
Batting: RHB Ricardo Mariscal
|
0-0: Called Strike 0-1: Ball 1-1: Fly out, F8 (Flyball, 8LD, EV 95.6 MPH)
|
| Bottom of the 7th over - 0 runs, 0 hits, 0 errors, 0 left on base; Everett 7 - Vermont 3 |
| TOP OF THE 8TH |
|
Everett AquaSox batting - Pitching for Vermont Lake Monsters : LHP Manny Villafuerte
|
|
Pitching: RHP Gustavo Robles
|
|
|
Batting: RHB Chris Van Niel
|
0-0: Ground out 6-3 (Groundball, 6, EV 89.4 MPH)
|
|
Batting: RHB Houston Brock
|
0-0: SINGLE (Groundball, 56D, EV 103.1 MPH) (infield hit)
|
|
Batting: RHB Mike Conaway
|
0-0: Ball 1-0: Called Strike 1-1: Foul Ball, location: 2F 1-2: 2-RUN HOME RUN (Flyball, 7LD, EV 94.4 MPH), Distance : 338 ft
|
|
Batting: RHB Chris Olheiser
|
0-0: Ground out 2-3 (Groundball, 15S, EV 66.9 MPH)
|
|
Batting: RHB Tze-meng Li
|
0-0: Foul Ball, location: 2F 0-1: SINGLE (Line Drive, 56, EV 108.1 MPH)
|
|
Batting: LHB Taki Matsui
|
0-0: Ball Tze-meng Li steals 2nd base 1-0: Called Strike 1-1: Ground out U3 (Groundball, 34, EV 86.9 MPH)
|
| Top of the 8th over - 2 runs, 3 hits, 0 errors, 1 left on base; Everett 9 - Vermont 3 |
| BOTTOM OF THE 8TH |
|
Vermont Lake Monsters batting - Pitching for Everett AquaSox : LHP Adam Parrish
|
|
Batting: RHB Ricky Rivera
|
0-0: Ball 1-0: Swinging Strike 1-1: Swinging Strike 1-2: Strikes out swinging
|
|
Batting: RHB Dan Boylan
|
0-0: Ball 1-0: Ball 2-0: Foul Ball, location: 2F 2-1: Ball 3-1: Base on Balls
|
|
Batting: RHB Yasuzo Rin
|
0-0: Called Strike 0-1: Fielders Choice at 2nd, 4-6 (Groundball, 4S, EV 80.6 MPH)
|
|
Batting: RHB Matt Black
|
0-0: Swinging Strike 0-1: Fly out, F8 (Flyball, 8LD, EV 97.5 MPH)
|
| Bottom of the 8th over - 0 runs, 0 hits, 0 errors, 1 left on base; Everett 9 - Vermont 3 |
| TOP OF THE 9TH |
|
Everett AquaSox batting - Pitching for Vermont Lake Monsters : RHP Gustavo Robles
|
|
Batting: RHB Ivan Davila
|
0-0: Called Strike 0-1: Ball 1-1: Called Strike 1-2: Ball 2-2: Ball 3-2: Foul Ball, location: 2F 3-2: Ground out 6-3 (Groundball, 6, EV 99.4 MPH)
|
|
Batting: RHB Victor Rosas
|
0-0: Called Strike 0-1: Ball 1-1: Foul Ball, location: 2F 1-2: Ground out 4-3 (Groundball, 4, EV 103.8 MPH)
|
|
Batting: RHB Heihachiro Fujita
|
0-0: Ball 1-0: Called Strike 1-1: Ball 2-1: Fly out, F8 (Flyball, 8RD, EV 96.9 MPH)
|
| Top of the 9th over - 0 runs, 0 hits, 0 errors, 0 left on base; Everett 9 - Vermont 3 |
| BOTTOM OF THE 9TH |
|
Vermont Lake Monsters batting - Pitching for Everett AquaSox : LHP Adam Parrish
|
|
Batting: LHB Youp van Erp
|
0-0: Ball 1-0: Called Strike 1-1: Foul Ball, location: 2F 1-2: Strikes out looking
|
|
Batting: RHB Alex Escobar
|
0-0: Called Strike 0-1: Swinging Strike 0-2: Ball 1-2: Foul Ball, location: 2F 1-2: Foul Ball, location: 2F 1-2: DOUBLE (Line Drive, 7LM, EV 101.9 MPH)
|
|
Pitching: RHP Joe Pruitt
|
|
|
Batting: RHB Jesus Ramirez
|
0-0: Ball 1-0: Foul Ball, location: 2F 1-1: Foul Ball, location: 2F 1-2: Strikes out swinging
|
|
Pinch Hitting: LHB Henry Hutson
|
0-0: Ball 1-0: Foul Ball, location: 2F 1-1: Ball 2-1: Ball 3-1: Fly out, F8 (Flyball, 8RD, EV 80.6 MPH)
|
| Bottom of the 9th over - 0 runs, 1 hit, 0 errors, 1 left on base; Everett 9 - Vermont 3 |
|